AoeStats
← Marbas

Arena

508298863Analyzed
4v4 RM · 10d ago on Sep 21, 2026· 25m 49s· 8 players
Game mode
Random Map
Map size
Large (8 player)
Population
200
Speed
Normal
Resources
Standard
Victory
Conquest
Starting age
Dark Age
Ending age
Imperial Age
RankedLock teamsTeams togetherTeam positionsShared explorationLock speedFull tech treeHidden civsTurbo modeCheats
Victory
Defeat
🇷🇺 Spanish · Russia
1774
+9
🇷🇺 Vietnamese · Russia
1675
+13
🇩🇪 Armenians · Germany
1620
+15
🇨🇱 Saracens · Chile
1533
+18
🇩🇪 Bohemians · Germany
1651
-16
🇩🇪 Portuguese · Germany
1643
-15
🇦🇷 Huns · Argentina
1566
-12
🇦🇷 Chinese · Argentina
1552
-12
DaKrankVieh
6:07 Loom
8:47 Feudal Age
8:50 Man-at-Arms
16:40 Double-Bit Axe
22:22 Castle Age
20:33 Pikeman
23:52 Fletching
[CL]Andrectho
11:15 Feudal Age
15:10 Castle Age
13:14 Double-Bit Axe
13:23 Horse Collar
14:16 Gold Mining
16:43 Wheelbarrow
16:19 Bow Saw
22:28 Heavy Plow
24:38 Gold Shaft Mining
24:17 Stone Mining
28:27 Imperial Age
25:45 Loom
Marbas
10:30 Feudal Age
10:34 Loom
11:09 Double-Bit Axe
15:48 Castle Age
14:57 Horse Collar
17:00 Bow Saw
21:26 Gold Mining
21:49 Scale Mail Armor
23:13 Squires
24:53 Wheelbarrow
25:58 Chain Mail Armor
PLEBUSHEK
10:55 Feudal Age
10:58 Feudal Age
15:27 Castle Age
14:41 Double-Bit Axe
14:37 Horse Collar
16:22 Bow Saw
16:01 Loom
20:17 Gold Mining
20:46 Husbandry
22:42 Bloodlines
leon.r
10:29 Feudal Age
15:52 Castle Age
13:56 Double-Bit Axe
14:51 Horse Collar
17:07 Bow Saw
19:40 Loom
24:16 Wheelbarrow
XxX_Ricardo_2018_Max_XxX
0:27 Loom
9:07 Feudal Age
9:49 Double-Bit Axe
11:55 Horse Collar
22:10 Castle Age
22:49 Fletching
22:59 Padded Archer Armor
23:20 Bodkin Arrow
24:03 Bow Saw
23:42 Elite Skirmisher
24:59 Leather Archer Armor
25:30 Thumb Ring
low_eco_legends
6:03 Loom
8:58 Feudal Age
11:12 Fletching
13:38 Horse Collar
15:05 Double-Bit Axe
23:01 Castle Age
22:41 Wheelbarrow
TU VIEJA
11:27 Feudal Age
15:39 Castle Age
14:04 Double-Bit Axe
14:13 Fletching
14:54 Padded Archer Armor
14:38 Horse Collar
16:27 Loom
20:12 Bodkin Arrow
Connection lost

Rejoining the realm…

Still unreachable

The connection could not be restored.

Session expired

The server has moved on; the page needs a fresh start.